 Dungeon Crawl Stone Soup version 0.28-a0-850-g09de17f5b5 (webtiles) character file.

Game seed: 14839509961050503395

2051 mainiacjoe the Covert (level 9, -8/68 HPs)
             Began as a Naga Air Elementalist on Nov 13, 2021.
             Was a Priest of Dithmenos.
             Killed from afar by a steam dragon (28 damage)
             ... with a ball of steam
             ... on level 7 of the Dungeon on Nov 14, 2021.
             The game lasted 00:41:00 (7990 turns).

mainiacjoe the Covert (Naga Air Elementalist)       Turns: 7990, Time: 00:41:01

Health: -8/68      AC:  4    Str: 10    XL:     9   Next: 25%
Magic:  15/21      EV: 11    Int: 26    God:    Dithmenos [***...]
Gold:   79         SH:  5    Dex: 11    Spells: 2/12 levels left

rFire   x . .      SeeInvis +   a - +2 quarterstaff (drain)
rCold   + . .      Faith    .   (shield currently unavailable)
rNeg    . . .      Spirit   .   u - +0 robe
rPois   +          Reflect  +   (no helmet)
rElec   .          Harm     .   (no cloak)
rCorr   .          Rampage  .   (no gloves)
Will    +....                   (no barding)
Stlth   +++++++...              C - amulet of reflection
HPRegen 0.21/turn               k - ring of magical power {=R}
MPRegen 0.17/turn               r - ring of Itwycw {rF- rC+ Int+6 SInv Stlth+}

@: wreathed by umbra, very slow
A: AC +3, large, see invisible, deformed body, poison resistance, slowness 2,
spit poison 1, naga tail 1
a: Spit Poison, Renounce Religion, Shadow Step


You were on level 7 of the Dungeon.
You worshipped Dithmenos.
Dithmenos was most pleased with you.
You visited 2 branches of the dungeon, and saw 10 of its levels.
You also visited: Ossuary.

You collected 202 gold pieces.
You spent 123 gold pieces at shops.

Inventory:

Hand Weapons
 a - a +2 quarterstaff of draining (weapon)
 b - a +0 hunting sling of flaming
 w - a +1 dagger of freezing
 R - a +0 shortbow
Missiles
 c - 175 stones
 d - 5 curare-tipped darts {=F}
 f - 45 sling bullets
 m - 37 poisoned darts
 p - 6 boomerangs (quivered)
 v - 47 arrows
 A - 23 bolts
Armour
 u - a +0 robe (worn)
Jewellery
 k - a ring of magical power (left hand) {=R}
 r - the ring of Itwycw (right hand) {rF- rC+ Int+6 SInv Stlth+}
   (You found it on level 4 of the Dungeon)

   [ring of intelligence]

   Int:       It affects your intelligence (+6).
   rF:        It makes you vulnerable to fire.
   rC:        It protects you from cold.
   SInv:      It lets you see invisible.
   Stlth:     It makes you more stealthy.
 C - an amulet of reflection (around neck)
 N - an amulet of guardian spirit
Wands
 y - a wand of flame (20)
 z - a wand of charming (4)
 M - a wand of digging (8)
 Q - a wand of acid (8)
Scrolls
 g - a scroll of vulnerability
 h - 2 scrolls of magic mapping
 i - a scroll of silence
 j - 2 scrolls of teleportation
 t - a scroll of blinking
 D - a scroll of holy word
 J - 2 scrolls of immolation {unknown}
 K - 3 scrolls of torment
Potions
 e - 2 potions of brilliance
 n - a potion of ambrosia {unknown}
 o - a potion of might
 s - 3 potions of cancellation
 x - 2 potions of mutation
 F - a potion of curing {unknown}
 G - a potion of resistance {unknown}
 H - a potion of berserk rage {unknown}
 I - a potion of magic
 L - 2 potions of haste {unknown}
 O - a potion of flight {unknown}


   Skills:
 + Level 5.8 Dodging
 - Level 10.0 Stealth
 - Level 2.0 Spellcasting
 - Level 2.0 Conjurations
 - Level 8.0 Air Magic


You had 2 spell levels left.
You knew the following spells:

 Your Spells              Type           Power      Damage    Failure   Level
a - Shock                 Conj/Air       100%       1d9       1%          1
b - Static Discharge      Conj/Air       28%        N/A       1%          2
c - Swiftness             Air            44%        N/A       1%          3
d - Airstrike             Air            22%        N/A       3%          4

Your spell library contained the following spells:

 Spells                   Type           Power      Damage    Failure   Level
 Freeze                   Ice            8%         1d3       11%         1
 Frozen Ramparts          Ice            4%         1d2       30%         3
 Hailstorm                Conj/Ice       7%         3d4       56%         4
 Ice Form                 Ice/Tmut       2%         N/A       71%         4
 Summon Ice Beast         Ice/Summ       2%         N/A       71%         4


Dungeon Overview and Level Annotations

Branches:
Dungeon (9/15)             Temple (1/1) D:4         Ossuary (visited)
   Lair: D:8-11         Orc: D:9-12

Altars:
Ashenzari
Cheibriados
Dithmenos
Elyvilon
Fedhas
Gozag
Hepliaklqana
Kikubaaqudgha
Makhleb
Nemelex Xobeh
Okawaru
Qazlal
Ru
Sif Muna
Trog
Uskayaw
Vehumet
Wu Jian
Xom
Yredelemnul
Zin
The Shining One

Shops:
D:1 ?   D:4 =   D:7 (

Portals:
Abyss: D:4

Annotations:
D:4 2 transporters, Blacky's ghost, amateur FoFi


Innate Abilities, Weirdness & Mutations

Your serpentine skin is tough. (AC +3)
You have supernaturally acute eyesight. (SInv)
Armour fits poorly on your strangely shaped body.
Your system is resistant to poisons. (rPois)
You cover ground very slowly.
You can spit poison.
You have a snake-like lower body.


Message History

Confirm with . or Enter, or press ? or * to list all spells.
Aiming: Airstrike (dangerous; 3% risk of failure)
Press: ? - help, Dir - move target, f - steam dragon
Aim: a steam dragon (asleep, empty space bonus: 2/8)
The air twists around and strikes the steam dragon.
The steam dragon hisses angrily.
The steam dragon is lightly wounded.
The steam dragon breathes steam at you. The ball of steam hits you!
The steam scalds you terribly!
You are engulfed in a cloud of scalding steam.
The steam dragon breathes steam at you. The ball of steam hits you!!
The steam scalds you terribly!
* * * LOW HITPOINT WARNING * * *
Items here: ))))) [ †.
Casting: Airstrike (dangerous; 3% risk of failure)
Confirm with . or Enter, or press ? or * to list all spells.
You can't see any susceptible monsters within range! (Use Z to cast anyway.) Unknown command.
You are engulfed in a cloud of scalding steam.
* * * LOW HITPOINT WARNING * * *
You feel much better.
Aiming: Corrosive Bolt
Press: ? - help, Shift-Dir - straight line, f/p - steam dragon
Aim: a steam dragon (lightly wounded, umbra, 71% to hit)
The bolt of acid hits the steam dragon!
The acid corrodes the steam dragon!
The steam dragon is heavily wounded.
The steam dragon breathes steam at you. The ball of steam hits you!!
The steam scalds you terribly!
* * * LOW HITPOINT WARNING * * *
You feel much better.
Casting: Airstrike (dangerous; 3% risk of failure)
Confirm with . or Enter, or press ? or * to list all spells.
Aiming: Airstrike (dangerous; 3% risk of failure)
Press: ? - help, Dir - move target, f/p - steam dragon
Aim: a steam dragon (heavily wounded, covered in acid, umbra, empty space bonus: 5/8)
The air twists around and strikes the steam dragon!
The steam dragon is almost dead.
The steam dragon breathes steam at you. The ball of steam hits you!!
The steam scalds you terribly!
You die...

#.## #D# #...###.#
####....#.###
##...8.<.8§§. ..
..........D###....
!....8.∩.8§.......
.........#§#######
.[...8.>.8.#
........@#§#
.....[.#.D§#
....##.##..# ...
#. #.§# .. .. .§§.
# .....>##
...#####


You could see a steam dragon (catching breath, corroded).

Vanquished Creatures
  Erolcha (D:9)
  Joseph (D:7)
  Menkaure (Ossuary)
  Duvessa (D:5)
  An orc warrior (D:6)
  A black bear (D:6)
  A centaur (D:5)
  Dowan (D:5)
  A howler monkey (D:4)
  A centaur zombie (D:5)
  A bullfrog skeleton (D:3)
  A hound (D:5)
  Jessica (D:3)
  Terence (D:2)
  2 iguanas
  3 orc wizards
  3 mummies (Ossuary)
  7 gnolls
  4 adders
  A white imp (D:5)
  An ufetubus (D:5)
  3 worms
  5 dart slugs
  11 orcs
  9 endoplasms
  5 giant cockroaches
  4 goblins
  5 hobgoblins
  7 jackals
  8 kobolds
  2 quokkas
  2 ball pythons
  7 bats
  3 frilled lizards
  6 gnoll zombies (Ossuary)
  6 goblin skeletons (Ossuary)
  3 goblin zombies (Ossuary)
  2 hobgoblin skeletons (Ossuary)
  4 hobgoblin zombies (Ossuary)
  3 kobold skeletons (Ossuary)
  4 kobold zombies (Ossuary)
  9 orc skeletons (Ossuary)
  3 orc zombies (Ossuary)
  6 rats
  5 rat skeletons (Ossuary)
  5 rat zombies (Ossuary)
162 creatures vanquished.

Notes
Turn   | Place    | Note
-------+----------+-------------------------------------------
     0 | D:1      | mainiacjoe the Naga Air Elementalist began the quest for
                  | the Orb.
     0 | D:1      | Reached XP level 1. HP: 15/15 MP: 3/3
   348 | D:1      | Reached XP level 2. HP: 22/22 MP: 5/5
   351 | D:1      | Learned a level 2 spell: Static Discharge
   632 | D:1      | Found Woron's Magic Scroll Shoppe.
  1472 | D:1      | Reached XP level 3. HP: 28/28 MP: 6/6
  1476 | D:1      | Learned a level 3 spell: Swiftness
  1575 | D:2      | Reached skill level 4 in Stealth
  1582 | D:2      | Noticed Terence
  1598 | D:2      | Killed Terence
  1599 | D:2      | Reached skill level 5 in Stealth
  1599 | D:2      | Reached XP level 4. HP: 15/36 MP: 3/7
  1832 | D:1      | Bought a scroll of identify for 26 gold pieces
  2095 | D:2      | Found a faded altar of an unknown god.
  3001 | D:4      | Identified the ring of Itwycw {rF- rC+ Int+6 SInv Stlth+}
  3040 | D:4      | Found a staircase to the Ecumenical Temple.
  3051 | Temple   | Entered the Ecumenical Temple
  3281 | Temple   | Became a worshipper of Dithmenos the Shadowed
  3299 | D:4      | Found a hazy altar of Hepliaklqana.
  3427 | D:3      | Reached XP level 5. HP: 42/42 MP: 8/8
  3483 | D:3      | Reached skill level 6 in Stealth
  3845 | D:3      | Noticed Jessica
  3880 | D:3      | Killed Jessica
  3986 | D:3      | Reached skill level 5 in Air Magic
  3997 | D:3      | Reached skill level 7 in Stealth
  3997 | D:3      | Reached XP level 6. HP: 46/49 MP: 9/9
  4515 | D:4      | Found Tiazxaacs's Jewellery Shoppe.
  4525 | D:4      | Identified the +0 ring mail of Ogus {Harm rN+ Str+7}
  4545 | D:4      | Found a one-way gate to the infinite horrors of the Abyss.
  4545 | D:4      | Noticed Blacky's ghost (amateur FoFi)
  4565 | D:4      | Found a transporter.
  4565 | D:4      | Noticed a small abomination
  4731 | D:1      | Bought a scroll of blinking for 97 gold pieces
  4833 | D:4      | Found a transporter.
  5000 | D:4      | Reached * piety under Dithmenos
  5001 | D:4      | Reached skill level 8 in Stealth
  5133 | D:5      | Entered Level 5 of the Dungeon
  5219 | D:5      | Noticed Duvessa
  5237 | D:5      | Found a sand-covered staircase.
  5238 | D:5      | Noticed Dowan
  5247 | D:5      | Killed Duvessa
  5248 | D:5      | Reached skill level 9 in Stealth
  5248 | D:5      | Reached XP level 7. HP: 15/55 MP: 10/10
  5251 | D:5      | Killed Dowan
  5427 | D:5      | Reached skill level 10 in Stealth
  5490 | Ossuary  | Entered an ossuary
  5758 | Ossuary  | Reached ** piety under Dithmenos
  5979 | Ossuary  | Learned a level 4 spell: Airstrike
  6371 | Ossuary  | Noticed Menkaure
  6374 | Ossuary  | Killed Menkaure
  6636 | D:5      | Reached XP level 8. HP: 56/62 MP: 11/11
  7316 | D:6      | Reached *** piety under Dithmenos
  7825 | D:6      | You fall into a shaft and drop 3 floors!
  7825 | D:9      | Noticed Erolcha
  7833 | D:9      | Killed Erolcha
  7834 | D:9      | Reached skill level 5 in Dodging
  7834 | D:9      | Reached XP level 9. HP: 64/68 MP: 5/12
  7857 | D:7      | Noticed Joseph
  7857 | D:7      | Found Aceyg's Weapon Shop.
  7863 | D:7      | Killed Joseph
  7990 | D:7      | Killed from afar by a steam dragon

Illustrated notes

Levels and vault maps discovered:
D:1:      onia_arrival_mini_spirals, layout_basic, serial_shops, shop_scrolls,
          serial_forest, infiniplex_forest_3_way,
          infiniplex_forest_clump_diagonal, infiniplex_forest_straight_5,
          infiniplex_forest_fountain, infiniplex_forest_clump_medium
D:2:      layout_loops_ring, hellmonk_ecumenical_altar_dog_temple,
          grunt_decor_junction, st_stairs_2, uniq_terence
D:3:      layout_loops_corners, hangedman_decor_push, uniq_jessica
D:4:      layout_rooms, amcnicky_altar_gilded, temple_green, serial_shops,
          nicolae_shop_crystal, gammafunk_ghost_abyssal_escape
D:5:      layout_loops_ring, nicolae_ossuary_entry_plus,
          hangedman_decor_diamond_cutter, columned_hall_lemuel, uniq_duvessa
D:6:      layout_basic, uniq_maggie, uniq_eustachio
D:7:      layout_basic, nicolae_stop_n_shop_2, minmay_misc_feat_enclosed,
          minmay_increasing_density, uniq_joseph, uniq_pikel
D:8:      layout_loops_corners, serial_glass, glass_columns_a, glass_columns_a,
          enter_bailey_2, minmay_radiant, uniq_maurice
D:9:      layout_rooms, uniq_erolcha, uniq_grum
Temple:   compressed_dpeg_triangle_lava_temple

Skill      XL: |  1  2  3  4  5  6  7  8 |
---------------+-------------------------+-----
Stealth        | 5 7 9 10 | 10.0
Air Magic      | 4 5 6 8 |  8.0
Conjurations   | 2 |  2.0
Dodging        | 5 |  5.8
Spellcasting   | |  2.0

Action                   |  1- 3 |  4- 6 |  7- 9 || total
-------------------------+-------+-------+-------++-------
Melee: Dagger            |     5 |     1 |     6 ||    12
       Short sword       |       |     4 |       ||     4
       Long sword        |       |     4 |    36 ||    40
Throw: Stone             |    11 |       |       ||    11
       Dart              |       |     7 |     1 ||     8
       Boomerang         |       |       |     8 ||     8
 Cast: Shock             |    31 |    79 |   116 ||   226
       Static Discharge  |     6 |    15 |    17 ||    38
       Airstrike         |       |       |    16 ||    16
 Abil: Spit Poison       |    18 |    32 |    10 ||    60
Evoke: Wand              |       |     2 |     5 ||     7
  Use: Scroll            |     2 |     5 |     8 ||    15
       Potion            |       |       |     5 ||     5
 Stab: Sleeping          |       |     1 |     5 ||     6
Armor: Robe              |     2 |    10 |    11 ||    23
Dodge: Dodged            |    18 |    25 |    27 ||    70
Block: Other             |       |     4 |    15 ||    19
       Reflection        |       |       |     2 ||     2

Table legend: (Time is in decaauts)
 A = Elapsed time spent in this place.
 B = Non-inter-level travel time spent in this place.
 C = Inter-level travel time spent in this place.
 D = Time resting spent in this place.
 E = Time spent auto-exploring this place.
 F = Levels seen in this place.
 G = Mean time per level.
                   A        B        C        D        E       F      G
               +--------+--------+--------+--------+--------+-----+--------+
         Total |   9916 |   9350 |    566 |   1172 |   6341 |  11 |  901.5 |
       Dungeon |   8496 |   7942 |    554 |    951 |   5744 |   9 |  944.0 |
        Temple |    334 |    323 |     11 |      0 |    282 |   1 |  334.0 |
       Ossuary |   1085 |   1085 |      0 |    221 |    313 |   1 | 1085.0 |
               +--------+--------+--------+--------+--------+-----+--------+

Top non-repeatable levels by time:
     D:1: 1974 daAuts
     D:3: 1836 daAuts
     D:2: 1602 daAuts
     D:5: 1403 daAuts
 Ossuary: 1085 daAuts
     D:4: 775 daAuts
     D:6: 728 daAuts
  Temple: 334 daAuts
     D:7: 136 daAuts
     D:8: 27 daAuts
     D:9: 11 daAuts
